Map: [ESL] Oceanborn

Players

Reynor - Winner!

  • Race: Zerg Zerg
  • League: Master
  • Spawn Location: 5:00

trigger

  • Race: Protoss Protoss
  • League: Grandmaster
  • Spawn Location: 11:00

Event: HomeStory Cup XXIV

VOD

Have the link to the VOD?

Description

Time

  • Played on: Dec. 2, 2023, 12:11 p.m.
  • Length: 10:18

All games in this series

Show
View Real Time Build Order
Export as new Build Order

Reynor Zerg - Winner!

Build Orders: Hatch First 

Get SALT Encoding   

  12  0:00  Drone  
  13  0:12  Overlord  
  13  0:16  Drone  
  14  0:30  Drone x2  
  16  0:41  Drone  
  17  0:50  Hatchery  
  17  0:54  Drone  
  17  0:57  Drone  
  18  1:08  Extractor  
  17  1:12  Spawning Pool  
  17  1:15  Drone  
  17  1:18  Drone  
  18  1:28  Drone  
  19  1:38  Drone  
  20  1:48  Overlord  
  20  1:59  Queen  
  22  2:02  Zergling x2, Queen  
  22  2:03  Zergling x2  
  26  2:10  Drone  
  26  2:13  Metabolic Boost, Drone  
  28  2:21  Drone  
  29  2:25  Drone  
  30  2:36  Hatchery  
  29  2:38  Zergling x2, Drone  
  31  2:44  Queen  
  31  2:49  Overlord  
  33  2:52  Drone  
  33  2:58  Drone x2  
  36  3:07  Queen, Overlord  
  36  3:09  Drone  
  40  3:12  Drone  
  40  3:13  Drone  
  40  3:19  Zergling x4  
  42  3:22  Overlord  
  42  3:26  Drone  
  43  3:30  Drone  
  43  3:31  Queen  
  46  3:37  Overlord  
  46  3:38  Drone  
  46  3:40  Drone x2  
  50  3:41  Drone  
  50  3:46  Queen  
  52  3:50  Drone  
  52  3:52  Spore Crawler  
  52  3:56  Drone x2  
  52  4:01  Drone  
  52  4:02  Drone  
  56  4:04  Drone x3  
  56  4:08  Overlord  
  56  4:09  Drone  
  58  4:13  Drone x2  
  59  4:18  Drone x2  
  59  4:21  Drone  
  62  4:25  Spore Crawler  
  62  4:26  Zergling x6  
  62  4:27  Evolution Chamber  
  62  4:28  Zergling x2  
  62  4:30  Drone  
  65  4:33  Queen  
  65  4:35  Drone  
  69  4:38  Drone x2  
  69  4:41  Spore Crawler  
  69  4:43  Zergling x4  
  71  4:48  Drone x4  
  71  4:51  Overlord  
  75  4:53  Drone x2  
  75  4:56  Zerg Melee Weapons Level 1  
  75  4:57  Drone  
  75  4:58  Drone  
  75  4:59  Drone  
  80  5:03  Drone x2  
  81  5:11  Drone x2  
  81  5:12  Drone  
  84  5:15  Overlord  
  84  5:16  Drone x2  
  84  5:17  Drone  
  84  5:21  Hatchery, Lair  
  85  5:24  Extractor  
  85  5:25  Zergling x6  
  85  5:26  Zergling x4  
  89  5:30  Baneling Nest  
  89  5:31  Zergling x4  
  90  5:37  Extractor, Drone x3  
  90  5:38  Queen, Extractor  
  90  5:41  Zergling x2  
  90  5:42  Zergling x6  
  97  5:43  Overlord  
  97  5:48  Overlord  
  97  5:51  Overlord  
  97  5:58  Zergling x2  
  97  6:01  Overlord  
  98  6:05  Zergling x8  
  98  6:06  Zergling x8  
  98  6:08  Drone x2  
  98  6:09  Drone  
  109  6:12  Extractor  
  109  6:13  Extractor  
  107  6:18  Overlord  
  107  6:19  Drone x2  
  107  6:24  Drone x2  
  107  6:25  Drone  
  112  6:29  Spire  
  112  6:30  Drone x2  
  112  6:32  Drone x2  
  112  6:34  Drone x4  
  112  6:35  Drone  
  112  6:37  Roach Warren, Drone  
  117  6:42  Overlord  
  117  6:43  Drone x2  
  114  6:47  Zergling x2  
  114  6:50  Zerg Melee Weapons Level 2  
  114  6:51  Zergling x4  
  114  6:52  Zergling x2  
  111  6:55  Extractor  
  111  6:56  Extractor  
  111  6:57  Zergling x4  
  111  6:58  Zergling x4  
  113  7:02  Drone  
  113  7:04  Zergling x10  
  113  7:05  Spore Crawler  
  113  7:06  Overseer  
  113  7:08  Overlord  
  118  7:09  Zergling x4  
  118  7:10  Zergling x8  
  118  7:12  Hatchery  
  123  7:20  Overlord  
  120  7:31  Roach x7  
  120  7:32  Overlord  
  130  7:44  Mutalisk x10  
  130  7:46  Overlord  
  130  7:48  Centrifugal Hooks  
  130  7:50  Mutalisk  
  146  7:57  Drone x5  
  150  7:59  Overlord  
  150  8:02  Mutalisk x2  
  153  8:05  Zergling x2  
  153  8:06  Zergling x12  
  153  8:07  Ravager  
  153  8:09  Ravager  
  162  8:16  Baneling x6  
  162  8:17  Baneling  
  162  8:18  Zergling x14  
  169  8:26  Ravager x2  
  171  8:27  Zergling x16  
  171  8:29  Overlord  
  179  8:35  Roach  
  179  8:36  Roach x4  
  179  8:40  Roach x3, Zergling x2  
  181  8:45  Roach  
  168  8:50  Roach x2, Zergling x4  
  170  8:59  Zergling x14  
  176  9:08  Zergling x6, Infestation Pit  
  176  9:09  Zergling x2  
  175  9:15  Zergling x4  
  175  9:16  Zergling x8  
  175  9:18  Pneumatized Carapace  
  175  9:21  Baneling x9  
  175  9:22  Baneling x9  
  175  9:27  Zergling x8  
  175  9:29  Baneling  
  175  9:30  Baneling x7  
  175  9:39  Zergling x22  
  184  9:47  Zergling x16  
  184  9:51  Ravager x3  
  194  9:54  Baneling x10  
  194  9:58  Zergling x2  
  194  9:59  Zergling x4  
  197  10:00  Overlord  
Show
View Real Time Build Order
Export as new Build Order

trigger Protoss 

Build Orders: 1 Gate Expand, Oracle Opening, Zealot Archon 

Get SALT Encoding   

  12  0:00  Probe  
  13  0:12  Probe  
  14  0:21  Pylon  
  14  0:24  Probe  
  15  0:39  Gateway  
  15  0:40  Probe (Chrono Boost)  
  16  0:48  Probe (Chrono Boost)  
  17  0:53  Assimilator  
  17  0:54  Probe  
  18  1:06  Probe  
  20  1:18  Probe  
  20  1:26  Nexus  
  20  1:30  Probe  
  21  1:38  Cybernetics Core  
  21  1:43  Assimilator  
  21  1:46  Probe  
  22  1:54  Pylon  
  22  1:58  Probe  
  23  2:09  Probe  
  23  2:11  Adept (Chrono Boost)  
  26  2:17  Probe  
  26  2:22  Stargate  
  27  2:27  Probe (Chrono Boost)  
  28  2:34  Adept  
  28  2:35  Warp Gate  
  30  2:38  Probe (Chrono Boost)  
  32  2:45  Probe (Chrono Boost)  
  32  2:47  Probe (Chrono Boost)  
  34  2:51  Probe (Chrono Boost)  
  34  2:52  Probe (Chrono Boost)  
  35  3:03  Probe  
  35  3:04  Adept, Oracle (Chrono Boost), Probe  
  42  3:15  Probe  
  43  3:20  Probe  
  43  3:23  Pylon  
  43  3:25  Gateway  
  44  3:28  Probe  
  45  3:40  Probe  
  46  3:43  Nexus  
  46  3:44  Probe  
  46  3:46  Pylon  
  47  3:49  Oracle (Chrono Boost)  
  47  3:53  Probe  
  51  3:56  Probe  
  51  4:00  Assimilator  
  52  4:05  Probe  
  52  4:06  Pylon  
  52  4:10  Probe  
  52  4:15  Assimilator  
  52  4:17  Oracle (Chrono Boost), Probe  
  52  4:22  Probe  
  52  4:23  Adept x2  
  59  4:29  Probe  
  59  4:31  Twilight Council  
  60  4:33  Forge  
  60  4:34  Probe  
  61  4:41  Probe (Chrono Boost)  
  62  4:45  Pylon  
  62  4:53  Gateway  
  62  4:55  Gateway, Probe x2 (Chrono Boost)  
  65  5:00  Probe (Chrono Boost)  
  65  5:03  Probe (Chrono Boost)  
  65  5:04  Probe (Chrono Boost)  
  68  5:07  Probe (Chrono Boost)  
  68  5:09  Stalker, Probe x2  
  72  5:18  Probe  
  73  5:22  Protoss Ground Weapons Level 1, Probe (Chrono Boost)  
  73  5:23  Blink  
  73  5:26  Templar Archives, Probe (Chrono Boost)  
  73  5:28  Stalker  
  77  5:29  Shield Battery  
  77  5:34  Assimilator  
  79  5:36  Probe (Chrono Boost)  
  79  5:38  Assimilator, Probe (Chrono Boost)  
  79  5:40  Probe (Chrono Boost)  
  80  5:43  Probe (Chrono Boost)  
  80  5:44  Probe (Chrono Boost)  
  80  5:45  Stalker  
  80  5:46  Probe  
  85  5:52  Psionic Storm  
  85  5:54  Pylon  
  85  5:56  Pylon x2  
  85  5:57  Pylon  
  85  5:58  Pylon  
  85  6:09  Pylon  
  85  6:12  Probe x2  
  85  6:13  Nexus  
  85  6:18  Probe  
  88  6:19  High Templar x3  
  88  6:22  Stalker  
  96  6:30  Probe  
  96  6:31  Photon Cannon  
  97  6:39  Shield Battery  
  97  6:43  Pylon  
  97  6:45  Probe x2  
  97  6:46  Stalker  
  100  6:52  Zealot  
  102  6:54  High Templar x2  
  102  6:58  Probe  
  102  7:01  Gateway x2  
  107  7:03  Gateway, Nexus  
  107  7:05  Gateway  
  107  7:06  Photon Cannon  
  107  7:09  Robotics Facility  
  107  7:14  Pylon  
  107  7:15  High Templar x2  
  111  7:16  Probe  
  111  7:17  Probe  
  111  7:20  Pylon  
  111  7:21  Archon  
  113  7:29  Adept x2  
  117  7:34  Probe  
  113  7:42  Photon Cannon  
  113  7:44  Photon Cannon  
  113  7:48  Zealot x2  
  113  7:50  Zealot x2  
  121  7:51  Probe  
  118  7:59  Probe  
  118  8:02  Zealot x3  
  118  8:04  Probe  
  125  8:06  Shield Battery, Photon Cannon  
  125  8:08  Charge, Assimilator  
  125  8:10  Assimilator  
  125  8:12  High Templar x2  
  129  8:13  Probe  
  129  8:17  Probe x3  
  129  8:18  Archon  
  133  8:25  Probe  
  134  8:30  Observer  
  134  8:33  Stalker x2  
  134  8:34  Stalker x4  
  143  8:36  Probe  
  138  8:42  Archon  
  138  8:45  Archon  
  138  8:48  Stalker x2  
  128  8:49  Phoenix  
  112  8:58  Probe  
  112  9:01  Stalker x5  
  105  9:12  Stalker x2  
  103  9:23  Zealot, Probe x2  
  107  9:29  Probe x2  
  107  9:33  Zealot x5  
  114  9:39  Probe  
  114  9:42  High Templar  
  114  9:43  Probe  
  117  9:45  Zealot x2  
  117  9:47  Probe (Chrono Boost)  
  122  9:54  High Templar  
  122  9:55  Probe (Chrono Boost)  
  122  9:56  Probe (Chrono Boost)  
  122  9:57  Probe (Chrono Boost)  
  122  9:59  Probe (Chrono Boost)  
  128  10:03  Archon  
  128  10:05  Stalker x4  
  130  10:14  Zealot x3  
Tags
 
Add a new tag
Caveats
  • Supply blocks, unpowered buildings, or Contaminate may cause inaccurate times.
  • Supply counts are checked every 10 seconds.